 Dungeon Crawl Stone Soup version 0.30.0-19-g36f170ea60 (webtiles) character file.

Game seed: 6063945193391767349

21484 sampeng1 the Fighter (level 12, -3/139 HPs)
             Began as a Purple Draconian Berserker on May 26, 2023.
             Was a High Priest of Trog.
             Slain by a tentacle (6 damage)
             ... attached to a kraken
             ... on level 1 of the Shoals on May 27, 2023.
             The game lasted 00:38:28 (11265 turns).

sampeng1 the Fighter (Purple Draconian Berserker)  Turns: 11265, Time: 00:38:29

Health: -3/139     AC: 17    Str: 32    XL:     12   Next: 54%
Magic:  12/12      EV: 21    Int:  4    God:    Trog [*****.]
Gold:   675        SH:  0    Dex: 22    Spells: 11/11 levels left

rFire   + . .        u - +6 war axe of Spite {elec, rElec Str+9 Int-2 Stlth-}
rCold   + . .        (no shield)
rNeg    . . .        (body armour unavailable)
rPois   +            (helmet restricted)
rElec   +            k - +2 cloak {rPois}
rCorr   +            i - +2 pair of gloves
SInv    .            q - +2 pair of boots
Will    +++..        (no amulet)
Stlth   +            C - +6 ring of dexterity
HPRegen 1.43/turn    (no ring)
MPRegen 0.13/turn

%: no passive effects
@: short of breath, resistant, strong-willed, regenerating, very slow
A: breathe power, AC +8, unfitting armour, cold-blooded, agile 1, robust 2
a: Breathe Dispelling Energy, Renounce Religion, Berserk, Trog's Hand, Brothers
in Arms


You were on level 1 of the Shoals.
You worshipped Trog.
Trog was extremely pleased with you.
You visited 3 branches of the dungeon, and saw 11 of its levels.

You collected 675 gold pieces.

Inventory:

Hand Weapons
 c - a +2 war axe
 u - the +6 war axe of Spite (weapon) {elec, rElec Str+9 Int-2 Stlth-}
   (You found it on level 2 of the Lair of Beasts)

   Str:       It affects your strength (+9).
   Int:       It affects your intelligence (-2).
   rElec:     It insulates you from electricity.
   Stlth:     It makes you less stealthy.
Missiles
 g - 26 poisoned darts (quivered)
 o - 6 atropa-tipped darts
 t - 6 datura-tipped darts
 w - 5 boomerangs
Armour
 i - a +2 pair of gloves (worn)
 k - a +2 cloak of poison resistance (worn)
 q - a +2 pair of boots (worn)
Jewellery
 C - a +6 ring of dexterity (left hand)
Wands
 j - a wand of light (15)
 v - a wand of roots (7)
 x - a wand of paralysis (18)
Scrolls
 a - a scroll of acquirement {unknown}
 e - 4 scrolls of fog
 h - a scroll of silence {unknown}
 l - 4 scrolls of teleportation
 m - 5 scrolls of identify
 p - 2 scrolls of blinking
 r - 2 scrolls of noise
 y - a scroll of enchant weapon
 B - a scroll of enchant armour
 F - a scroll of amnesia {unknown}
Potions
 b - 4 potions of attraction
 d - 5 potions of lignification
 f - 3 potions of curing
 n - a potion of invisibility
 s - a potion of ambrosia
 z - a potion of heal wounds
 A - a potion of degeneration {unknown}
 D - a potion of cancellation {unknown}
Miscellaneous
 E - a lightning rod (4/4)


   Skills:
 + Level 13.7 Fighting
 + Level 12.2(12.3) Axes
 - Level 3.2(8.4) Maces & Flails
 + Level 11.6 Dodging


You had 11 spell levels left.
You didn't know any spells.
Your spell library contained the following spells:

 Spells                   Type           Power      Damage    Failure   Level
 Gell's Gravitas          Tloc           0%         N/A       86%         3
 Teleport Other           Tloc           0%         N/A       86%         3
 Dispersal                Tloc           0%         N/A       100%        6


Dungeon Overview and Level Annotations

Branches:
Dungeon (8/15)             Temple (0/1) D:6            Lair (2/5) D:8
 Shoals (1/4) Lair:2       Spider (0/4) Lair:2

Altars:
Fedhas
Hepliaklqana
Kikubaaqudgha
Nemelex Xobeh
Okawaru
Trog
Vehumet

Shops:
D:4 =   D:5 =


Innate Abilities, Weirdness & Mutations

You can breathe bolts of dispelling energy.
Your rich purple scales are hard. (AC +8)
You cannot fit into any form of body armour.
You are cold-blooded and may be slowed by cold attacks.
You are agile. (Dex +4, Str/Int -1)
You are very robust. (+20% HP)


Message History

The tentacle barely misses you. The tentacle slaps you! The kraken bites you!
The tentacle closely misses you.
You hit the kraken.
The kraken is lightly wounded.
You hit the tentacle. You slash the tentacle!
Lightning courses through the tentacle! The tentacle completely misses you.
The kraken bites you!! The tentacle misses you.
The tentacle slaps you but does no damage.
You slice the kraken!! Lightning courses through the kraken!!
The kraken is heavily wounded.
You slash the tentacle! You barely miss the tentacle. The kraken misses you.
The tentacle misses you. x2; The kraken bites you!!
* * * LOW HITPOINT WARNING * * *
The tentacle completely misses you.
Your skin crawls.
You feel strong-willed. The tentacle slaps you!
* * * LOW HITPOINT WARNING * * *
The tentacle closely misses you.
A tentacle segment bursts forth from the water.
The tentacle slaps you but does no damage.
The kraken bites you!
* * * LOW HITPOINT WARNING * * *
You feel protected.
The tentacle completely misses you. x2; The kraken barely misses you.
The tentacle slaps you.
* * * LOW HITPOINT WARNING * * *
The tentacle closely misses you. The kraken completely misses you.
Aiming: Breathe Dispelling Energy (2% risk of failure)
Press: ? - help, Shift-Dir - straight line, f - kraken
Aim: a kraken (water, heavily wounded, 100% to hit)
You breathe a bolt of dispelling energy.
The bolt of dispelling energy hits the kraken but does no damage.
The kraken is heavily wounded.
The tentacle closely misses you. The tentacle barely misses you.
A tentacle segment bursts forth from the water.
The kraken completely misses you. The tentacle slaps you!
* * * LOW HITPOINT WARNING * * *
The tentacle slaps you.
You die...

...~~~~≈~~....~~~~~~~~~~≈≈≈≈
~~~~~~~~≈~~~~~~~~~.~~~~~~≈≈≈
P~~~~~~≈≈~~~~~~~~~~~...~~≈≈≈
.~~~~≈≈≈≈≈≈~~~~....~..~~~≈≈≈
~..~~≈≈≈≈≈≈~~~......~~~~~≈≈≈
~.~~~≈≈≈≈≈~~~~..###.)..~~≈≈≈
.≈≈~~~~~≈≈≈~~~..###.~~~~~≈≈≈
≈≈~~~~~~~~≈~~~~w~~~~~.~~~≈≈≈
≈≈~.~~~~~~~≈≈~~w@~~~~~~~≈≈≈≈
~~...~~~~~~≈≈≈≈X≈~~~~~≈≈≈≈≈≈
.~....~..~~~≈≈≈≈≈~~~≈≈≈≈≈≈≈≈
.....≈≈..~~~≈≈≈≈≈~~~≈≈≈≈≈≈≈≈
~...≈≈....~~≈≈≈≈≈~~≈≈≈≈≈≈≈≈≈
..~.###...~~≈≈≈≈≈≈≈≈≈≈≈≈≈≈
....# ##..~~≈≈≈≈≈≈≈≈≈≈≈≈≈≈
....###..~~~≈≈≈≈≈≈≈≈≈≈≈≈≈≈
.........~~~...~≈≈≈≈≈≈≈≈≈≈


You could see a kraken and 2 tentacles.

Vanquished Creatures
  The ghost of Kiorry the Cloud Mage, an adept TeAE of Vehumet (Shoals:1)
  A merfolk avatar (Shoals:1)
  2 centaur warriors (Shoals:1)
  A two-headed ogre (D:8)
  Nergalle (Lair:1)
  3 sea snakes (Shoals:1)
  Pikel (D:4)
  A cyclops (Shoals:1)
  2 black mambas (Lair:2)
  5 cane toads
  2 merfolk sirens (Shoals:1)
  Maggie (D:7)
  2 merfolk (Shoals:1)
  2 dream sheep (Shoals:1)
  2 snapping turtles (Shoals:1)
  7 blink frogs
  2 jumping spiders (Lair:2)
  4 culicivoras (Lair:2)
  Sigmund (D:2)
  32 yaks
  A wyvern (D:7)
  A vampire (D:7)
  A basilisk (Lair:1)
  A steam dragon (D:8)
  3 redbacks (Lair:2)
  9 water moccasins
  A sky beast (D:6)
  3 ice beasts
  2 centaurs
  A phantom (D:5)
  Blork the orc (D:6)
  6 bullfrogs
  3 scorpions
  3 wights (D:6)
  2 howler monkeys (D:7)
  4 jellies
  3 hounds
  3 orc priests
  Crazy Yiuf (D:2)
  3 iguanas
  2 sleepcaps (D:6)
  4 orc wizards
  Robin (D:3)
  16 adders
  2 shadow imps (D:6)
  2 white imps
  2 ufetubi
  A worm (D:3)
  2 dart slugs (D:1)
  21 orcs
  7 endoplasms
  5 giant cockroaches (D:2)
  16 goblins
  11 hobgoblins
  7 jackals (D:3)
  2 quokkas
  4 ball pythons
  6 bats
  6 frilled lizards
  4 kobolds
  2 rats (D:3)
248 creatures vanquished.

Vanquished Creatures (others)
  2 tentacles (Shoals:1)
2 creatures vanquished.

Grand Total: 250 creatures vanquished

Notes
Turn   | Place    | Note
-------+----------+-------------------------------------------
     0 | D:1      | sampeng1 the Draconian Berserker began the quest for the
                  | Orb.
     0 | D:1      | Reached XP level 1. HP: 19/19 MP: 1/1
   124 | D:1      | Reached XP level 2. HP: 24/26 MP: 2/2
   785 | D:2      | Reached XP level 3. HP: 33/33 MP: 3/3
   906 | D:2      | Noticed Sigmund
   930 | D:2      | Killed Sigmund
   931 | D:2      | Reached skill level 4 in Fighting
   931 | D:2      | Reached XP level 4. HP: 41/41 MP: 4/4
   931 | D:2      | Reached XP level 5. HP: 47/47 MP: 5/5
  1050 | D:2      | Reached ** piety under Trog
  1139 | D:2      | Found a runed translucent door.
  1140 | D:2      | Noticed Crazy Yiuf
  1147 | D:2      | Killed Crazy Yiuf
  1760 | D:3      | Reached skill level 5 in Fighting
  1945 | D:3      | Found a sparkling altar of Nemelex Xobeh.
  1962 | D:3      | Reached XP level 6. HP: 42/56 MP: 6/6
  2027 | D:3      | Found a hazy altar of Hepliaklqana.
  2287 | D:3      | Found a radiant altar of Vehumet.
  2295 | D:3      | Reached *** piety under Trog
  2431 | D:3      | Noticed Robin
  2457 | D:3      | Killed Robin
  2674 | D:4      | Found Ededimu's Jewellery Boutique.
  2686 | D:4      | Found an ancient bone altar of Kikubaaqudgha.
  2704 | D:4      | Found a blossoming altar of Fedhas.
  2923 | D:4      | Noticed Pikel
  2934 | D:4      | Killed Pikel
  2935 | D:4      | Reached skill level 6 in Fighting
  2935 | D:4      | Reached skill level 5 in Axes
  2935 | D:4      | Reached skill level 5 in Dodging
  2935 | D:4      | Your scales start taking on a rich purple colour.
  2935 | D:4      | Reached XP level 7. HP: 48/64 MP: 7/7
  3403 | D:5      | Entered Level 5 of the Dungeon
  3444 | D:5      | Reached XP level 8. HP: 70/71 MP: 8/8
  3583 | D:5      | Found Seikla's Jewellery Shoppe.
  3617 | D:5      | Reached skill level 7 in Fighting
  4603 | D:6      | Reached **** piety under Trog
  4641 | D:6      | Reached skill level 8 in Fighting
  4654 | D:6      | Reached XP level 9. HP: 56/81 MP: 9/9
  4987 | D:6      | Noticed Blork the orc
  5007 | D:6      | Killed Blork the orc
  5269 | D:6      | Found a staircase to the Ecumenical Temple.
  5350 | D:6      | Reached skill level 1 in Maces & Flails
  5596 | D:7      | Noticed Maggie
  5627 | D:7      | Killed Maggie
  5628 | D:7      | Reached skill level 9 in Fighting
  6224 | D:8      | Found an iron altar of Okawaru.
  6266 | D:8      | Noticed a two-headed ogre
  6273 | D:8      | Killed a two-headed ogre
  6278 | D:8      | Reached XP level 10. HP: 69/92 MP: 10/10
  6409 | D:8      | Found a bloodstained altar of Trog.
  6585 | D:8      | Found a staircase to the Lair.
  6647 | D:8      | Reached skill level 10 in Fighting
  7108 | Lair:1   | Entered Level 1 of the Lair of Beasts
  7123 | Lair:1   | Noticed a cane toad
  7134 | Lair:1   | Killed a cane toad
  7224 | Lair:1   | Noticed a cane toad
  7235 | Lair:1   | Killed a cane toad
  7371 | Lair:1   | Noticed Nergalle
  7382 | Lair:1   | Reached skill level 11 in Fighting
  7399 | Lair:1   | Killed Nergalle
  7654 | Lair:1   | Gained mutation: You are agile. (Dex +4, Str/Int -1)
                  | [potion of mutation]
  7654 | Lair:1   | Gained mutation: You are robust. (+10% HP) [potion of
                  | mutation]
  7654 | Lair:1   | Gained mutation: You are very robust. (+20% HP) [potion of
                  | mutation]
  7768 | Lair:1   | Reached XP level 11. HP: 80/122 MP: 11/11
  8113 | Lair:1   | Reached skill level 10 in Axes
  8602 | Lair:2   | Reached skill level 10 in Dodging
  8683 | Lair:2   | Reached skill level 12 in Fighting
  8848 | Lair:2   | Found a staircase to the Shoals.
  8957 | Lair:2   | Identified the +6 war axe of Spite {elec, rElec Str+9 Int-2
                  | Stlth-}
  8995 | Lair:2   | Reached ***** piety under Trog
  9040 | Lair:2   | Found the +8 whip "Snakebite" {venom, curare, rPois}
  9117 | Lair:2   | Found a hole to the Spider Nest.
 10047 | Shoals:1 | Entered Level 1 of the Shoals
 10068 | Shoals:1 | Noticed a centaur warrior
 10081 | Shoals:1 | Killed a centaur warrior
 10082 | Shoals:1 | Reached XP level 12. HP: 72/135 MP: 12/12
 10261 | Shoals:1 | Reached skill level 13 in Fighting
 10306 | Shoals:1 | Found a runed translucent gate.
 10307 | Shoals:1 | Found a runed translucent gate.
 10308 | Shoals:1 | Found a runed translucent gate.
 10308 | Shoals:1 | Noticed Kiorry's ghost (adept TeAE)
 10359 | Shoals:1 | Noticed a merfolk avatar
 10380 | Shoals:1 | Killed a merfolk avatar
 10604 | Shoals:1 | Killed Kiorry's ghost
 10907 | Shoals:1 | Noticed a centaur warrior
 10913 | Shoals:1 | Killed a centaur warrior
 11255 | Shoals:1 | Noticed a kraken
 11265 | Shoals:1 | HP: 3/139 [tentacle[a kraken] (15)]
 11265 | Shoals:1 | Slain by a tentacle

Illustrated notes

Levels and vault maps discovered:
D:1:      dpeg_arrival_renting, layout_rooms, minmay_ruptured
D:2:      layout_basic, uniq_sigmund, uniq_crazy_yiuf_cottage
D:3:      layout_loops_ring, mainiacjoe_overflow_boulevard,
          mainiacjoe_overflow_catch_the_wave, grunt_ministairs_1,
          serial_park_tiny_1, uniq_robin
D:4:      layout_loops_ring, grunt_temple_overflow_growth_and_decay,
          serial_shops, nicolae_shop_temple_entry_statues_fountains,
          minmay_hedge_maze, uniq_pikel
D:5:      layout_basic, serial_shops, nicolae_shop_tiny_waterfront,
          roderic_serpentine_path, nrook_campfire
D:6:      minmay_skewed_foursquare, layout_rooms, minmay_temple_entry_crystal_x,
          grunt_ministairs_8, serial_bayou_pond_a, uniq_blork_the_orc
D:7:      layout_rooms, nrook_mini_backslash, dreamdust_princess_bridge,
          uniq_maggie
D:8:      layout_rooms, okawaru_ov_weapons_minmay,
          mainiacjoe_overflow_surrounded_room, lair_entry_dummy
Lair:1:   layout_long_grid, uniq_nergalle
Lair:2:   minmay_guarded_unrand_snakebite, layout_small_grid,
          shoals_dummy_entry, nicolae_spider_entry_tight_spaces
Shoals:1: layout_shoals, ebering_ghost_rock_garden

Skill      XL: |  1  2  3  4  5  6  7  8  9 10 11 12 |
---------------+-------------------------------------+-----
Dodging        | 3 4 5 6 8 9 10 11 | 11.6
Fighting       | 4 5 6 8 9 11 12 13 | 13.7
Axes           | 4 5 6 7 8 9 11 12 | 12.2
Maces & Flails | 3 |  3.2

Action                     |  1- 3 |  4- 6 |  7- 9 | 10-12 || total
---------------------------+-------+-------+-------+-------++-------
  Melee: Hand axe          |    86 |    42 |       |       ||   128
         Tailslap          |    13 |    27 |    23 |    53 ||   116
         War axe           |       |   136 |   150 |   354 ||   640
         Punch             |       |       |     2 |     8 ||    10
         Flail             |       |       |    69 |       ||    69
  Throw: Dart              |       |       |     1 |       ||     1
 Invoke: Berserk           |     1 |     1 |     5 |     5 ||    12
         Trog's Hand       |       |       |     1 |     1 ||     2
Ability: Breathe Dispellin |       |       |     5 |    13 ||    18
    Use: Potion            |       |     4 |     4 |     4 ||    12
         Scroll            |       |     3 |    11 |     4 ||    18
   Stab: Sleeping          |       |     1 |     1 |     1 ||     3
 Armour: Skin              |    29 |    92 |    92 |   110 ||   323
  Dodge: Dodged            |    67 |   123 |   173 |   357 ||   720
